 Dungeon Crawl Stone Soup version 0.32-a0-747-gc8563f6773 (webtiles) character file.

Game seed: 7379504981314701930

640586 cforsyth the Pyromancer (level 27, -6/260 HPs)
             Began as a Mountain Dwarf Cinder Acolyte on Mar 16, 2024.
             Was a High Priest of Ignis.
             Mangled by a bunyip (39 damage)
             ... spawned from a protean progenitor
             ... on level 2 of the Realm of Zot on Mar 17, 2024.
             The game lasted 03:21:54 (99850 turns).

cforsyth the Pyromancer (MDCA)                     Turns: 99850, Time: 03:21:55

Health: -6/260     AC: 43    Str: 42    XL:     27
Magic:  33/55      EV:  8    Int: 35    God:    Ignis [*****.]
Gold:   5730       SH: 12    Dex:  7    Spells: 20/46 levels left

rFire   + + .        L - +9 war axe of Terror {flame, +Blink rElec rC+ SInv}
rCold   + . .        z - +0 kite shield {reflect}
rNeg    + + .        T - +8 plate armour "Ikiss" {Stlth+}
rPois   .            D - +2 helmet {Int+3}
rElec   +            Z - +2 cloak of a ziggurat {rN+ MP+9}
rCorr   .            u - +1 pair of gloves of the Bagpipe {Harm Fly Str+4 Slay+3}
SInv    +            q - +2 pair of boots
Will    +++..        Q - amulet "Fuvibyky" {Regen+ MP+9 Str+5 Int+3} Stlth
                     S - ring "Vagiurah" {rF+ Str+6 Int+3}
HPRegen 1.43/turn    W - ring "Giysus" {rN+ Will+ Str+4 Int+3}
MPRegen 0.34/turn

%: harm (+30% outgoing, +20% incoming), reflection
@: flying, very slightly contaminated, studying 2 skills
A: runic magic, artefact enchanting, thin skeletal structure 1, inability to
drink after injury 1
}: 4/15 runes: serpentine, barnacled, slimy, silver
a: Renounce Religion, Evoke Blink, Fiery Armour, Foxfire Swarm, Rising Flame


You were on level 2 of the Realm of Zot.
You worshipped Ignis.
Ignis was extremely pleased with you.
You visited 11 branches of the dungeon, and saw 52 of its levels.
You visited 1 bazaar.
You also visited: Bailey, Ice Cave and Wizlab.

You collected 8555 gold pieces.
You spent 2825 gold pieces at shops.


Innate Abilities, Weirdness & Mutations

Your spellcasting is much less encumbered by armour.
You can use scrolls of enchantment on lesser artefacts.
You have a somewhat thin skeletal structure. (Dex +2, Stealth+)
You occasionally lose the ability to drink potions when taking damage.


   Skills:
 - Level 23.6 Fighting
 - Level 17.8(18.0) Axes
 - Level 3.5(12.2) Maces & Flails
 - Level 23.3 Armour
 - Level 15.8 Shields
 + Level 10.2 Spellcasting
 - Level 22.6 Conjurations
 - Level 26.8 Fire Magic


You had 20 spell levels left.
You knew the following spells:

 Your Spells              Type           Power      Damage    Failure   Level
f - Inner Flame           Hex/Fire       84%        N/A       1%          3
n - Ignition              Fire           58%        3d16      1%          8
s - Fire Storm            Conj/Fire      56%        8d14      16%         9
y - Sticky Flame          Fire/Alch      84%        2d13      1%          4
X - Scorch                Fire           100%       2d9       0%          2

Your spell library contained the following spells:

 Spells                   Type           Power      Damage    Failure   Level
 Magic Dart               Conj           100%       1d8       0%          1
 Searing Ray              Conj           100%       2d8       0%          2
 Flame Wave               Conj/Fire      100%       2d21      0%          4
 Iskenderun's Battlesphe  Conj           100%       2d15      0%          5
 Shock                    Conj/Air       100%       1d9       1%          1
 Sting                    Conj/Alch      100%       1d9       1%          1
 Momentum Strike          Conj/Tloc      100%       3d10      1%          2
 Dazzling Flash           Conj/Hex       100%       N/A       1%          3
 Mephitic Cloud           Conj/Alch/Air  63%        N/A       1%          3
 Stone Arrow              Conj/Erth      100%       3d13      1%          3
 Brom's Barrelling Bould  Conj/Erth      77%        2d9       1%          4
 Ignite Poison            Fire/Alch      84%        N/A       1%          4
 Iskenderun's Mystic Bla  Conj/Tloc      77%        2d15      1%          4
 Arcjolt                  Conj/Air       38%        1d48      1%          5
 Starburst                Conj/Fire      56%        6d15      1%          6
 Plasma Beam              Fire/Air       42%        2x1d56    2%          6
 Necrotise                Necr           68%        1d7       3%          1
 Sandblast                Erth           34%        2d9       3%          1
 Slow                     Hex            68%        N/A       3%          1
 Freezing Cloud           Conj/Ice/Air   31%        6-21      4%          5
 Bombard                  Conj/Erth      38%        9d7       5%          6
 Conjure Ball Lightning   Conj/Air       38%        3x3d12    5%          6
 Blink                    Tloc           34%        N/A       6%          2
 Call Imp                 Summ           34%        N/A       6%          2
 Cigotuvi's Dreadful Rot  Necr/Alch/Air  34%        N/A       6%          2
 Ensorcelled Hibernation  Hex/Ice        34%        N/A       6%          2
 Jinxbite                 Hex            34%        N/A       6%          2
 Lesser Beckoning         Tloc           34%        N/A       6%          2
 Mercury Vapours          Alch/Air       34%        N/A       6%          2
 Sublimation of Blood     Necr           17%        N/A       6%          2
 Call Canine Familiar     Summ           17%        N/A       12%         3
 Confusing Touch          Hex            17%        N/A       12%         3
 Frozen Ramparts          Ice            34%        1d6       12%         3
 Fugue of the Fallen      Necr           17%        N/A       12%         3
 Gell's Gravitas          Tloc           17%        N/A       12%         3
 Ozocubu's Armour         Ice            17%        N/A       12%         3
 Sigil of Binding         Hex            17%        N/A       12%         3
 Summon Ice Beast         Ice/Summ       17%        N/A       12%         3
 Teleport Other           Tloc           17%        N/A       12%         3
 Tukima's Dance           Hex            17%        N/A       12%         3
 Vampiric Draining        Necr           17%        2d7       12%         3
 Spellforged Servitor     Conj/Summ      38%        N/A       30%         7
 Anguish                  Hex/Necr       8%         N/A       36%         4
 Animate Armour           Summ/Erth      34%        N/A       36%         4
 Animate Dead             Necr           17%        N/A       36%         4
 Cause Fear               Hex            8%         N/A       36%         4
 Dimensional Bullseye     Hex/Tloc       8%         N/A       36%         4
 Dispel Undead            Necr           17%        3d10      36%         4
 Leda's Liquefaction      Alch/Erth      8%         N/A       36%         4
 Manifold Assault         Tloc           17%        N/A       36%         4
 Martyr's Knell           Necr/Summ      17%        N/A       36%         4
 Passage of Golubria      Tloc           17%        N/A       36%         4
 Petrify                  Alch/Erth      17%        N/A       36%         4
 Summon Lightning Spire   Summ/Air       17%        N/A       36%         4
 Vhi's Electric Charge    Tloc/Air       34%        N/A       36%         4
 Alistair's Intoxication  Alch           11%        N/A       71%         5
 Borgnjor's Vile Clutch   Necr/Erth      8%         N/A       71%         5
 Curse of Agony           Necr           17%        N/A       71%         5
 Metabolic Englaciation   Hex/Ice        8%         N/A       71%         5
 Silence                  Hex/Air        8%         N/A       71%         5
 Summon Mana Viper        Hex/Summ       17%        N/A       71%         5
 Yara's Violent Unravell  Hex/Alch       8%         3d5       71%         5
 Lehudib's Crystal Spear  Conj/Erth      38%        10d10     94%         8
 Death Channel            Necr           8%         N/A       99%         6
 Dispersal                Tloc           8%         N/A       99%         6
 Eringya's Noxious Bog    Alch           8%         4d6       99%         6
 Permafrost Eruption      Ice/Erth       8%         2x4d4     99%         6
 Sculpt Simulacrum        Ice/Alch       8%         N/A       99%         6
 Summon Cactus Giant      Summ           8%         N/A       99%         6
 Enfeeble                 Hex            8%         N/A       100%        7
 Haunt                    Necr/Summ      8%         N/A       100%        7
 Monstrous Menagerie      Summ           8%         N/A       100%        7
 Ozocubu's Refrigeration  Ice            8%         4d9       100%        7
 Summon Hydra             Summ           8%         N/A       100%        7
 Borgnjor's Revivificati  Necr           8%         N/A       100%        8
 Discord                  Hex            8%         N/A       100%        8
 Disjunction              Tloc           8%         N/A       100%        8
 Maxwell's Capacitive Co  Air            8%         ∞         100%        8
 Death's Door             Necr           8%         N/A       100%        9
 Polar Vortex             Ice            8%         12d1*     100%        9

Inventory:

Hand Weapons
 L - the +9 war axe of Terror (weapon) {flame, +Blink rElec rC+ SInv}
   (You bought it in a shop on level 3 of the Shoals)

   rC+:       It protects you from cold.
   rElec:     It insulates you from electricity.
   SInv:      It lets you see invisible.
   +Blink:    It lets you blink.
Armour
 q - a +2 pair of boots (worn)
 u - the +1 pair of gloves of the Bagpipe (worn) {Harm Fly Str+4 Slay+3}
   (You found it on level 15 of the Dungeon)

   Str+4:     It affects your strength (+4).
   Slay+3:    It affects your accuracy & damage with ranged weapons and melee
   (+3).
   Fly:       It grants you flight.
   Harm:      It increases damage dealt and taken.
 z - a +0 kite shield of reflection (worn)
 D - a +2 helmet of intelligence (worn)
 R - the +0 crystal plate armour of Divine Compulsion {rN+ Regen+}
   (You found it in a wizard's laboratory)

   rN+:       It protects you from negative energy.
   Regen+:    It increases your rate of health regeneration.
 T - the +8 plate armour "Ikiss" (worn) {Stlth+}
   (You bought it in a shop on level 2 of the Orcish Mines)

   Stlth+:    It makes you more stealthy.
 Z - the +2 cloak of a ziggurat (worn) {rN+ MP+9}
   (You found it on level 14 of the Dungeon)

   rN+:       It protects you from negative energy.
   MP+9:      It affects your magic capacity (+9).
Jewellery
 d - the ring "Egoang" {rN++ Will+ EV+5 Str-4 Dex+3}
   (You found it on level 3 of the Crypt)

   [ring of evasion]

   EV+5:      It affects your evasion (+5).
   Str-4:     It affects your strength (-4).
   Dex+3:     It affects your dexterity (+3).
   rN++:      It greatly protects you from negative energy.
   Will+:     It increases your willpower.
 C - the ring "Mioriure" {rN++ EV+5 Dex+3}
   (You found it on level 3 of the Crypt)

   [ring of evasion]

   EV+5:      It affects your evasion (+5).
   Dex+3:     It affects your dexterity (+3).
   rN++:      It greatly protects you from negative energy.
 G - the amulet of Xobruesh {rPois RegenMP+ Dex+3}
   (You took it off a tengu reaver on level 1 of the Vaults)

   [amulet of magic regeneration]

   It increases your rate of magic regeneration.
   Dex+3:     It affects your dexterity (+3).
   rPois:     It protects you from poison.
   RegenMP+:  It increases your rate of magic regeneration.
 N - a ring of positive energy
 P - the ring "Mawo" {rPois rN++ Str+8 Int-5 SInv}
   (You found it on level 3 of the Crypt)

   [ring of see invisible]

   Str+8:     It affects your strength (+8).
   Int-5:     It affects your intelligence (-5).
   rPois:     It protects you from poison.
   rN++:      It greatly protects you from negative energy.
   SInv:      It lets you see invisible.
 Q - the amulet "Fuvibyky" (around neck) {Regen+ MP+9 Str+5 Int+3}
   (You found it on level 5 of the Lair of Beasts)

   [amulet of regeneration]

   Str+5:     It affects your strength (+5).
   Int+3:     It affects your intelligence (+3).
   MP+9:      It affects your magic capacity (+9).
   Regen+:    It increases your rate of health regeneration.
 S - the ring "Vagiurah" (left hand) {rF+ Str+6 Int+3}
   (You found it on level 1 of the Elven Halls)

   [ring of strength]

   Str+6:     It affects your strength (+6).
   Int+3:     It affects your intelligence (+3).
   rF+:       It protects you from fire.
 W - the ring "Giysus" (right hand) {rN+ Will+ Str+4 Int+3}
   (You found it on level 14 of the Dungeon)

   [ring of willpower]

   Str+4:     It affects your strength (+4).
   Int+3:     It affects your intelligence (+3).
   rN+:       It protects you from negative energy.
   Will+:     It increases your willpower.
Wands
 a - a wand of paralysis (74)
 b - a wand of iceblast (20)
 f - a wand of flame (103)
 g - a wand of mindburst (41)
 E - a wand of digging (14)
Scrolls
 h - 11 scrolls of immolation
 i - 11 scrolls of vulnerability
 k - 12 scrolls of fog
 l - 9 scrolls of noise
 m - 9 scrolls of enchant armour
 n - 12 scrolls of teleportation {@r2}
 o - 10 scrolls of poison
 r - 14 scrolls of enchant weapon
 w - 8 scrolls of fear
 y - 4 scrolls of brand weapon
 H - 7 scrolls of revelation
 U - 3 scrolls of silence {!r}
 X - a scroll of amnesia
Potions
 e - 2 potions of attraction
 j - 8 potions of brilliance
 s - 4 potions of magic
 t - 10 potions of lignification
 v - a potion of heal wounds {@q2}
 x - 7 potions of resistance
 A - 18 potions of curing {@q1}
 B - 5 potions of enlightenment
 F - 3 potions of invisibility
 K - 3 potions of mutation
 M - 5 potions of ambrosia
 O - 6 potions of haste {@q3}
 V - 2 potions of berserk rage {!q}
 Y - 2 potions of cancellation
Miscellaneous
 c - a sack of spiders
 p - a phantom mirror
 J - a condenser vane

Dungeon Overview and Level Annotations

Branches:
Dungeon (15/15)            Temple (0/1) D:5            Lair (5/5) D:11
 Shoals (4/4) Lair:2        Snake (4/4) Lair:3        Slime (5/5) Lair:4
    Orc (2/2) D:10            Elf (3/3) Orc:2        Vaults (5/5) D:13
  Crypt (3/3) Vaults:3       Tomb (0/3) Crypt:3      Depths (4/4) D:15
    Zot (2/5) Depths:4     Bailey (visited)           IceCv (visited)
 WizLab (visited)

Altars:
Dithmenos
Fedhas
Gozag
Kikubaaqudgha
Nemelex Xobeh
Qazlal
Ru
Sif Muna
Trog
Uskayaw
Wu Jian
Xom
Zin
The Shining One
Beogh
Jiyva

Shops:
D:3 =*=   D:5 (   D:8 *   D:12 *   D:14 *:[**   D:15 (   Orc:1 [   Orc:2 (**[
Elf:2 [   Shoals:3 *   Snake:3 (   Snake:4 :(   Vaults:2 :   Vaults:4 *
Vaults:5 [   Depths:2 (

Portals:
Hell: Depths:1 Depths:2 Depths:3 Depths:4
Abyss: Depths:3
Pandemonium: Depths:2 Depths:3
Ziggurat: Depths:4

Annotations:
Shoals:4 Mara
Vaults:4 Zenata

### #.################
#................#
#.##############.# #.# #.# #.#
#.# ******#.####### #..
*,,,,,#@#.....#####**###
*,***,#.xx....'....,^,.. ######
*,* *,###.....###.,,.*#. .....#
*,* *,* #.....# #....*#. .....#
*,* *,* #.....###....*#. .....#
*,* *,* ##...........*#.
.....#****,***,***#...........##.
.....+,,,,,,,,,...'...........'..
.....#***,,,,,,####.......^...##.


You could see 2 bunyips.


Message History

The dire elephant tramples you!
* * * LOW HITPOINT WARNING * * *
You are shoved backwards!
Unknown command.
Unknown command.
As you read the scroll of fear, it crumbles to dust.
You assume a fearsome visage.
The dire elephant resists with almost no effort.
The dire elephant looks frightened!
The bunyip looks frightened! x2
The dire elephant tramples you!!
* * * LOW HITPOINT WARNING * * *
You are shoved backwards!
Unknown command.
You cannot drink potions in your current state!
As you read the scroll of fear, it crumbles to dust.
You assume a fearsome visage.
The dire elephant resists with almost no effort.
You block the dire elephant's attack. The dire elephant trunk-slaps you.
* * * LOW HITPOINT WARNING * * *
Unknown command.
Unknown command.
As you read the scroll of fear, it crumbles to dust.
You assume a fearsome visage.
The dire elephant looks frightened!
You can drink potions again.
The bunyip howls a warning cry! x2
The bunyip seems to regain its courage.
There is an open door here.
The bunyip claws you!!
You die...
Ignis goes out, and joins you in death.

Skill      XL: |  1  2  3  4  5  6  7  8  9 10 11 12 13 14 15 16 17 18 19 20 21 22 23 24 25 26 27 |
---------------+----------------------------------------------------------------------------------+-----
Armour         | 1 2 3 4 5 7 8 10 12 15 17 19 20 21 22 23 | 23.3
Axes           | 4 5 6 7 9 13 16 17 | 17.8
Fire Magic     | 4 5 6 7 8 9 10 11 12 19 24 26 | 26.8
Fighting       | 4 5 6 8 9 11 13 15 17 19 21 22 23 | 23.6
Spellcasting   | 2 3 4 5 6 9 10 | 10.2
Maces & Flails | 3 |  3.5
Shields        | 9 11 14 15 | 15.8
Conjurations   | 8 15 20 22 | 22.6

Action                     |  1- 3 |  4- 6 |  7- 9 | 10-12 | 13-15 | 16-18 | 19-21 | 22-24 | 25-27 || total
---------------------------+-------+-------+-------+-------+-------+-------+-------+-------+-------++-------
  Melee: Hand axe          |    71 |    13 |    88 |       |       |       |       |       |       ||   172
         War axe           |       |       |    75 |     3 |       |   349 |  1553 |  1014 |   416 ||  3410
         Morningstar       |       |       |       |   407 |  1041 |   482 |       |       |       ||  1930
   Cast: Scorch            |    22 |    60 |   111 |   167 |   166 |    44 |    11 |       |       ||   581
         Ignition          |       |       |       |       |       |       |       |   566 |   458 ||  1024
  Evoke: Wand              |       |       |    12 |     4 |       |     4 |    15 |       |       ||    35
         Phantom mirror    |       |       |       |       |       |       |     1 |       |       ||     1
    Use: Scroll            |     2 |     1 |     7 |     6 |     6 |     8 |    10 |     5 |    13 ||    58
         Potion            |     1 |     1 |     4 |     3 |     2 |     5 |     7 |       |    13 ||    36
   Stab: Invisible         |       |       |       |       |       |       |     1 |       |       ||     1
 Armour: Robe              |    46 |    56 |     1 |       |       |       |       |       |       ||   103
         Chain mail        |       |       |   242 |     2 |       |       |       |       |       ||   244
         Plate armour      |       |       |       |   546 |  1313 |  1009 |  1397 |   441 |   496 ||  5202
         Crystal plate arm |       |       |       |       |       |       |       |   471 |   130 ||   601
  Dodge: Dodged            |    40 |    44 |   101 |   158 |   394 |   202 |   377 |   215 |   121 ||  1652
  Block: Buckler           |       |       |       |   195 |   427 |   263 |       |       |       ||   885
         Kite shield       |       |       |       |       |       |    33 |   677 |   407 |   236 ||  1353
         Reflection        |       |       |       |       |       |       |    26 |    15 |    16 ||    57

Levels and vault maps discovered:
D:1:      dpeg_arrival_boxes_within_box, layout_basic,
          shapermc_ecumenical_altar_venn, serial_park_tiny_1,
          wander_ebering_terrifying_dragon_lair
D:2:      layout_basic, basic_altar, glass_columns_a, uniq_crazy_yiuf_cottage
D:3:      layout_basic, mainiacjoe_overflow_catwalk, serial_shops, shop,
          nicolae_shop_window_shopping, shop, shop, chequers_mini_garden,
          uniq_sigmund
D:4:      layout_rooms, kennysheep_generic_room_3, uniq_blork_the_orc,
          uniq_duvessa
D:5:      layout_loops_ring, grunt_temple_overflow_forces_of_nature,
          mainiacjoe_overflow_brackets, minmay_temple_entry_fiery, serial_shops,
          nicolae_shop_behind_doors, uniq_pikel
D:6:      layout_basic, mainiacjoe_overflow_alcove_3, uniq_grinder
D:7:      layout_loops_corners, enter_bailey_5
D:8:      layout_basic, grunt_ministairs_13, nicolae_shop_overcharged_wands,
          uniq_amaemon, uniq_jeremiah
D:9:      layout_basic, mainiacjoe_overflow_alcove_2, uniq_psyche
D:10:     layout_cave_pods, erik_orc_2, kennysheep_boxes, uniq_harold, uniq_grum
D:11:     layout_loops_ring, dpeg_oklobed_lair, portal_ice_cave_entry_pillars_2
D:12:     minmay_chambers_of_sevens, layout_gridville, serial_shops,
          nicolae_shop_hallway_stairs, minmay_misc_feat_enclosed,
          nicolae_uskayaw_en_pointe
D:13:     layout_long_grid, lightli_vaults_fourway_checkpoint, xom_shifter_show
D:14:     layout_basic, serial_shops, shop, nicolae_shop_drivethru,
          nicolae_shop_mannequins, nicolae_shop_just_a_little_nook, shop,
          gammafunk_ghost_crypt, uniq_nessos, uniq_agnes, uniq_roxanne
D:15:     gammafunk_enter_depths_forms, layout_basic, serial_shops,
          bzr_entry_dummy, shop, ebering_ghost_funeral_grove,
          nrook_mini_backslash, solitary_fountain
Lair:1:   layout_regular_city
Lair:2:   layout_cave_pods, elwin_shoals_entry_stream, lemuel_oklob_altar,
          grunt_megastairs_3, infiniplex_staircase_pool_2, lemuel_fruit_tree
Lair:3:   layout_regular_city, minmay_snake_entry_six_corridors,
          beast_lair_carwin_8
Lair:4:   layout_gridlike, slime_entry_2, wad_woods_road_01,
          chequers_serial_rivers_small_3
Lair:5:   due_jungle_book, layout_layer_cave, gammafunk_ghost_wrathful_warriors,
          disabler_island
Shoals:1: layout_shoals, uniq_aizul, uniq_kirke
Shoals:2: layout_shoals, nicolae_shoals_spectral_cove
Shoals:3: layout_shoals, ebering_ghost_gozag, serial_nicolae_subway,
          nicolae_sub_station_metal, nicolae_sub_station_stone,
          nicolae_sub_station_crystal, uniq_ilsuiw
Shoals:4: shoals_end_hellmonk_storm_palace [storm_palace_center_ruins,
          storm_palace_corner_reverse_hut, storm_palace_corner_narrow,
          storm_palace_corner_altar, storm_palace_corner_blocked], uniq_mara
Snake:1:  layout_onion, special_room
Snake:2:  gammafunk_sealed_arena, layout_rooms, basic_altar,
          nicolae_snake_slithery_corners
Snake:3:  layout_onion, nicolae_stop_n_shop_1, grunt_megastairs_4, uniq_vashnia
Snake:4:  grunt_snake_rune_pools, layout_basic, nicolae_specific_store,
          minmay_shop_star, uniq_mlioglotl
Slime:1:  layout_caves, nicolae_slime_barrier
Slime:2:  layout_caves
Slime:3:  layout_caves
Slime:4:  layout_caves
Slime:5:  slime_pit_nicolae_block_by_block
Orc:1:    layout_caves, basic_altar, serial_shops, nicolae_shop_statue_plus
Orc:2:    st_orc_elflike, layout_diamond_mine
Elf:1:    nicolae_elf_arrival_fired_up, layout_loops_corners,
          gammafunk_ghost_split, minmay_elf_sorcery, uniq_jorgrun
Elf:2:    elven_hall_of_blades_hangedman_original [nicolae_blade_lattice],
          layout_geoelf_octagon, serial_shops, nicolae_square_shop
Elf:3:    grunt_elf_hall_diamonds, layout_onion_city
Vaults:1: lightli_enter_wizlab_magi_temple, nicolae_vaults_three_branches,
          hangedman_vaults_unwind, vaults_dpeg_emergency_exit,
          nicolae_vaults_antechamber_and_loot_room,
          nicolae_vaults_tetromino_Z_1, nicolae_vaults_turnstiles,
          nicolae_vaults_apartment_2, nicolae_vaults_closet_pinwheel_1,
          nicolae_vaults_shelves_hall, grunt_vaults_swirl, v_alt_pattern_2,
          layout_vaults_big_room, uniq_boris, uniq_norris, uniq_donald,
          uniq_nikola
Vaults:2: v_pattern_2, lemuel_angel_altar, nicolae_vaults_network_square,
          nicolae_vaults_more_shelving_1, nicolae_vaults_border_crossing,
          vaults_room_hallway, vaults_dpeg_hooks, vaults_room_stairs_pillars,
          vaults_room_stairs_pillars, nicolae_vaults_surprise_closet,
          layout_vaults_quadrants, serial_shops, shop
Vaults:3: nicolae_vaults_tangram_2, nicolae_vaults_network_star, v_misc_24,
          hangedman_vaults_stream, nicolae_vaults_trapezoid_4,
          nicolae_vaults_little_squares_5, blue_anna_dwarven_crypt,
          nicolae_vaults_yaktaur_gun_rack, nicolae_vaults_double_plus_1,
          v_misc_3, hangedman_vaults_corner,
          nicolae_vaults_windows_and_doors_thing, layout_vaults_omnibox,
          uniq_saint_roka, uniq_margery
Vaults:4: ontoclasm_vaults_gallery, nicolae_vaults_trapezoid_1,
          nicolae_vaults_cornered_office, vaults_mumra_lcd,
          nicolae_vaults_closet_pinwheel_3, nicolae_vaults_variable_pillar_hall,
          hangedman_vaults_variations, grunt_vaults_hallway_short,
          ontoclasm_vaults_pinch, hangedman_vaults_restitches,
          nicolae_vaults_heist, vaults_room_stairs_pillars, v_misc_14,
          vaults_mumra_hex, nicolae_vaults_house_1, vaults_room_pool,
          layout_vaults_omnicross, serial_shops, shop, uniq_zenata
Vaults:5: uniq_mennas
Crypt:1:  layout_chaotic_city, beargit_elvish_explorers,
          grunt_crypt_arrival_split, grunt_megastairs_2, uniq_bai_suzhen
Crypt:2:  layout_misc_corridors, nicolae_crypt_ancient_font, uniq_xtahua
Crypt:3:  grunt_crypt_end_deaths_head, uniq_josephina
Depths:1: layout_cave_shapes, hangedman_decor_diamond_cutter,
          nicolae_hell_entry_hellmouth_sunbeams, zin_angel, serial_bayou_shore_b
Depths:2: kennysheep_cluttered_fort, layout_cave_pools, pf_hell_entry_great_geh,
          grunt_decor_mini_mirrors, serial_shops, shop, pan_entry,
          kennysheep_opposing_triangles, infiniplex_staircase_pillars_2
Depths:3: minmay_haunted_quarter, layout_cave_pools, hell_entry,
          rand_demon_pan_entry_1, abyss_entry, infiniplex_staircase_x
Depths:4: grunt_zot_entry_bicorn, layout_basic, enter_ziggurat_d, hell_entry,
          lemuel_blue_sif_altar, kennysheep_vampire_church, serial_bayou_shore_b
Zot:1:    lemuel_acid_trip, layout_onion
Zot:2:    regret_index_malice_mire, layout_basic, ebering_ghost_disaster_area

Notes
Turn   | Place    | Note
-------+----------+-------------------------------------------
     0 | D:1      | cforsyth the Mountain Dwarf Cinder Acolyte began the quest
                  | for the Orb.
     0 | D:1      | Reached XP level 1. HP: 19/19 MP: 2/2
   197 | D:1      | Found a faded altar of an unknown god.
   208 | D:1      | Reached XP level 2. HP: 26/26 MP: 3/3
   286 | D:1      | Learned a level 2 spell: Scorch
   423 | D:1      | Reached skill level 1 in Armour
   434 | D:1      | Reached XP level 3. HP: 24/31 MP: 1/5
   500 | D:1      | Reached skill level 4 in Axes
   500 | D:1      | Reached skill level 4 in Fire Magic
  1285 | D:2      | Found an ornate altar of the Wu Jian Council.
  1741 | D:2      | Found a runed translucent door.
  1742 | D:2      | Noticed Crazy Yiuf
  1910 | D:3      | Identified a scroll of acquirement
  1910 | D:3      | Acquired an amulet of regeneration
  1943 | D:3      | Found a sparkling altar of Nemelex Xobeh.
  1963 | D:3      | Reached XP level 4. HP: 40/40 MP: 3/6
  2146 | D:3      | Found Konos's Assorted Antiques.
  2149 | D:3      | Bought a scroll labelled GARIOPHEEFU for 18 gold pieces
  2149 | D:3      | Bought a scroll labelled PAJIUM UNELEE for 18 gold pieces
  2149 | D:3      | Bought a scroll labelled WIGUME JIURES for 18 gold pieces
  2149 | D:3      | Bought a scroll labelled GARIOPHEEFU for 18 gold pieces
  2149 | D:3      | Bought 3 scrolls labelled PAJIUM UNELEE for 54 gold pieces
  2149 | D:3      | Bought a scroll labelled GARIOPHEEFU for 18 gold pieces
  2203 | D:3      | Noticed Sigmund
  2456 | D:2      | Killed Sigmund
  2457 | D:2      | Reached skill level 4 in Fighting
  2457 | D:2      | Reached skill level 2 in Armour
  2457 | D:2      | Reached skill level 2 in Spellcasting
  2457 | D:2      | Reached XP level 5. HP: 47/47 MP: 2/8
  2612 | D:3      | Found Gox Mury's Assorted Antiques.
  2661 | D:3      | Found Kyakec's Jewellery Shop.
  2879 | D:3      | Found Doih Wau's Jewellery Boutique.
  3195 | D:4      | Reached XP level 6. HP: 53/53 MP: 2/9
  3347 | D:3      | Reached skill level 5 in Axes
  3516 | D:4      | Noticed Blork the orc
  3547 | D:4      | HP: 5/53 [Blork the orc/puff of frost (6)]
  3548 | D:4      | HP: 1/53 [Blork the orc/magic dart (5)]
  3561 | D:3      | Reached skill level 5 in Fire Magic
  3634 | D:4      | Killed Blork the orc
  3635 | D:4      | Reached skill level 3 in Armour
  3719 | D:4      | Identified the +2 robe "Wolaskad" {Will++ MP-9 Int+4}
  3976 | D:4      | Noticed Duvessa
  4054 | D:4      | Noticed Dowan
  4058 | D:4      | Killed Duvessa
  4059 | D:4      | Reached skill level 5 in Fighting
  4059 | D:4      | Reached XP level 7. HP: 53/61 MP: 1/11
  4151 | D:4      | Killed Dowan
  4432 | D:5      | Entered Level 5 of the Dungeon
  4524 | D:5      | Found a blossoming altar of Fedhas.
  4525 | D:5      | Found a stormy altar of Qazlal.
  4556 | D:5      | Noticed Pikel
  4798 | D:5      | Killed Pikel
  4799 | D:5      | Reached skill level 6 in Axes
  4799 | D:5      | Reached skill level 4 in Armour
  4799 | D:5      | Reached skill level 3 in Spellcasting
  4799 | D:5      | Reached skill level 6 in Fire Magic
  4799 | D:5      | Reached XP level 8. HP: 40/70 MP: 11/13
  4857 | D:5      | Found a shimmering altar of Xom.
  4954 | D:5      | Found a staircase to the Ecumenical Temple.
  5247 | D:5      | Reached skill level 6 in Fighting
  5330 | D:5      | Found Xilur's Antique Weapon Shoppe.
  5802 | D:5      | Reached skill level 5 in Armour
  5950 | D:6      | Found an ancient bone altar of Kikubaaqudgha.
  5950 | D:6      | Found a bloodstained altar of Trog.
  5952 | D:6      | Found a shadowy altar of Dithmenos.
  5953 | D:6      | Found a sacrificial altar of Ru.
  6074 | D:6      | Reached skill level 4 in Spellcasting
  6371 | D:6      | Reached skill level 7 in Axes
  6371 | D:6      | Reached skill level 7 in Fire Magic
  6591 | D:6      | Noticed Grinder
  6667 | D:6      | Paralysed by Grinder for 4 turns
  6671 | D:6      | Killed Grinder
  6817 | D:7      | Reached XP level 9. HP: 73/78 MP: 15/15
  6957 | D:7      | Found a flagged portal.
  7165 | Bailey   | Entered a bailey
  7283 | Bailey   | Reached skill level 7 in Fighting
  7290 | Bailey   | Reached skill level 6 in Armour
  7486 | Bailey   | Found the +10 morningstar "Eos" {elec, Halo rElec}
  7503 | Bailey   | Reached skill level 8 in Fire Magic
  7600 | Bailey   | Reached skill level 5 in Spellcasting
  7855 | Bailey   | HP: 3/81 [orc warrior/+0 hand axe (7)]
  7857 | Bailey   | Reached skill level 7 in Armour
  7993 | Bailey   | Found an iron altar of Okawaru.
  7993 | Bailey   | Noticed a kobold demonologist
  7993 | Bailey   | Noticed a kobold demonologist
  8004 | Bailey   | Killed a kobold demonologist
  8005 | Bailey   | Reached skill level 8 in Fighting
  8005 | Bailey   | Reached XP level 10. HP: 67/88 MP: 18/18
  8387 | D:7      | Reached skill level 1 in Maces & Flails
  8387 | D:7      | Reached skill level 9 in Fire Magic
  8649 | D:7      | Reached skill level 2 in Maces & Flails
  9290 | D:8      | Reached skill level 6 in Spellcasting
  9485 | D:8      | Reached skill level 3 in Maces & Flails
  9487 | D:8      | Reached skill level 8 in Armour
  9671 | D:8      | Noticed Jeremiah
  9853 | D:8      | Noticed an orange demon
  9854 | D:8      | Noticed Amaemon
  9973 | D:7      | HP: 9/90 [poisoned by Amaemon]
 10057 | D:7      | Acquired a manual of Axes
 10093 | D:7      | Reached XP level 11. HP: 95/95 MP: 20/20
 10094 | D:7      | Reached skill level 9 in Shields
 10140 | D:7      | Killed Amaemon
 10141 | D:7      | Reached skill level 9 in Fighting
 10141 | D:7      | Reached skill level 8 in Axes
 10423 | D:8      | Jeremiah changed into Jeremiah the wind drake
 10423 | D:8      | Noticed Jeremiah
 10435 | D:8      | Killed Jeremiah the wind drake
 10436 | D:8      | Reached skill level 10 in Fire Magic
 10797 | D:8      | Found Hirima's Overcharged Wands.
 10908 | D:9      | Reached skill level 9 in Axes
 11089 | D:9      | Noticed Psyche
 11095 | D:9      | Killed Psyche
 11096 | D:9      | Reached XP level 12. HP: 105/105 MP: 9/21
 11275 | D:9      | Found an ornate altar of the Wu Jian Council.
 11538 | D:9      | Noticed a two-headed ogre
 11547 | D:9      | Killed a two-headed ogre
 12111 | D:10     | Entered Level 10 of the Dungeon
 12409 | D:10     | Reached skill level 9 in Armour
 12598 | D:10     | Noticed Grum
 12626 | D:10     | Killed Grum
 12627 | D:10     | Reached skill level 10 in Axes
 12727 | D:10     | Noticed Harold
 12743 | D:10     | Killed Harold
 12797 | D:10     | Reached skill level 10 in Fighting
 12971 | D:10     | Got the Monograph on the Catalyst
 13065 | D:10     | Found a staircase to the Orcish Mines.
 13763 | D:11     | Found a frozen archway.
 13778 | IceCv    | Entered an ice cave
 13804 | IceCv    | Reached skill level 11 in Fire Magic
 14006 | IceCv    | Reached skill level 11 in Axes
 14306 | IceCv    | Reached skill level 10 in Armour
 14315 | IceCv    | Reached skill level 12 in Axes
 14385 | IceCv    | Identified the +2 scale mail "Matibip" {rElec}
 14412 | IceCv    | Noticed a death yak
 14434 | IceCv    | Killed a death yak
 14504 | IceCv    | Noticed a death yak
 14514 | IceCv    | Killed a death yak
 14515 | IceCv    | Reached skill level 11 in Fighting
 14574 | IceCv    | Reached skill level 13 in Axes
 15164 | IceCv    | Noticed a death yak
 15164 | IceCv    | Noticed a death yak
 15173 | IceCv    | Killed a death yak
 15179 | IceCv    | Killed a death yak
 15180 | IceCv    | Reached XP level 13. HP: 73/116 MP: 22/22
 15221 | IceCv    | Found the +4 skin of Zhor {*Englaciate rC+++ SInv}
 15228 | IceCv    | Identified a scarf of resistance
 15592 | IceCv    | Noticed a frost giant
 15600 | IceCv    | Killed a frost giant
 15601 | IceCv    | Reached skill level 11 in Armour
 16099 | D:11     | Reached skill level 14 in Axes
 16374 | D:11     | Found a staircase to the Lair.
 16581 | D:12     | Found Koarurchu's General Store.
 16585 | D:12     | Bought a scroll of identify for 28 gold pieces
 16585 | D:12     | Identified a potion of resistance
 16897 | D:12     | Reached skill level 12 in Fighting
 17181 | D:12     | Found a hide-covered altar of Uskayaw.
 17623 | D:12     | Reached skill level 15 in Axes
 17771 | D:12     | Noticed a red very ugly thing
 17779 | D:12     | Killed a red very ugly thing
 17835 | D:12     | Reached skill level 12 in Armour
 18376 | D:13     | Reached skill level 16 in Axes
 18480 | D:13     | Found a shimmering altar of Xom.
 18480 | D:13     | Found a shimmering altar of Xom.
 18818 | D:12     | Reached skill level 13 in Fighting
 19092 | D:13     | Found a gate to the Vaults.
 19347 | D:12     | Reached XP level 14. HP: 111/129 MP: 23/23
 19420 | D:13     | Reached skill level 17 in Axes
 19510 | D:13     | Reached skill level 13 in Armour
 20284 | D:2      | Killed Crazy Yiuf
 20536 | Lair:1   | Entered Level 1 of the Lair of Beasts
 20749 | Lair:1   | Reached skill level 14 in Fighting
 21778 | Lair:2   | Found an ancient bone altar of Kikubaaqudgha.
 21899 | Lair:2   | Reached skill level 14 in Armour
 22103 | Lair:2   | Found a staircase to the Shoals.
 22921 | Lair:2   | Learned a level 3 spell: Inner Flame
 23195 | Lair:3   | Reached skill level 15 in Fighting
 23613 | Lair:3   | Reached skill level 15 in Armour
 23618 | Lair:3   | Found a staircase to the Snake Pit.
 24389 | Lair:3   | Reached XP level 15. HP: 112/143 MP: 24/24
 24888 | Lair:4   | Reached skill level 16 in Fighting
 25140 | Lair:4   | Found a viscous altar of Jiyva.
 25166 | Lair:4   | Found a staircase to the Slime Pits.
 25492 | Lair:5   | Entered Level 5 of the Lair of Beasts
 25901 | Lair:5   | Reached skill level 16 in Armour
 26192 | Lair:5   | Noticed Lightli's ghost (journeyman SpIE)
 26197 | Lair:5   | Found a transporter.
 26200 | Lair:5   | Found a transporter.
 26201 | Lair:5   | Found a bloodstained altar of Trog.
 27364 | Lair:5   | Reached skill level 17 in Fighting
 27425 | Lair:5   | Identified the +2 arbalest of Twilight {freeze, Fly rPois
                  | Str+3}
 27542 | Lair:5   | Identified the amulet "Fuvibyky" {Regen+ MP+9 Str+5 Int+3}
 27883 | Orc:1    | Entered Level 1 of the Orcish Mines
 27958 | Orc:1    | Found Humirgh's Armour Boutique.
 27960 | Orc:1    | Found a roughly hewn altar of Beogh.
 28581 | Orc:1    | Reached skill level 17 in Armour
 28730 | Orc:2    | Entered Level 2 of the Orcish Mines
 28810 | Orc:2    | Found a staircase to the Elven Halls.
 29646 | Orc:2    | Found Base Gis's Antique Armour Shop.
 29646 | Orc:2    | Found Enludir's Assorted Antiques.
 29647 | Orc:2    | Found Baifruh's General Store.
 29647 | Orc:2    | Found Pejafyu's Antique Weapon Shoppe.
 29667 | Orc:2    | Bought a murky red potion for 30 gold pieces
 29667 | Orc:2    | Bought a black potion for 30 gold pieces
 29667 | Orc:2    | Bought a scroll labelled CUEQAC MIREI for 34 gold pieces
 29814 | Orc:2    | Bought a heavily runed plate armour for 812 gold pieces
 29814 | Orc:2    | Identified the +8 plate armour "Ikiss" {Stlth+} (You bought
                  | it in a shop on level 2 of the Orcish Mines)
 29826 | Orc:2    | Bought a scroll of identify for 28 gold pieces
 29826 | Orc:2    | Bought a potion of berserk rage for 70 gold pieces
 29826 | Orc:2    | Bought a scroll of teleportation for 42 gold pieces
 29835 | Orc:2    | Bought a dazzling mace for 264 gold pieces
 29835 | Orc:2    | Identified the +1 mace of Liwnagaf {flame, Fly rN+ Will+
                  | MP-9} (You bought it in a shop on level 2 of the Orcish
                  | Mines)
 29838 | Orc:2    | Bought a twisted scale mail for 306 gold pieces
 29838 | Orc:2    | Identified the +4 scale mail of the Thinker {rCorr Dex+2
                  | Slay+2 Stlth+} (You bought it in a shop on level 2 of the
                  | Orcish Mines)
 30054 | D:14     | Found a transporter.
 30066 | D:14     | Noticed Agnes
 30106 | D:13     | Killed Agnes
 30212 | D:14     | Reached XP level 16. HP: 157/157 MP: 25/25
 30278 | D:14     | Found Xaycuej's Book Boutique.
 30278 | D:14     | Noticed a walking earthen tome
 30283 | D:14     | Noticed a walking frostbound tome
 30306 | D:14     | Found Qeatowk's Assorted Antiques.
 30312 | D:14     | Bought a scroll labelled BOEX BURRUOGIA for 32 gold pieces
 30360 | D:14     | Found Xugoh's Armour Shop.
 30371 | D:14     | Reached skill level 18 in Fighting
 30375 | D:14     | Found a runed translucent gate.
 30375 | D:14     | Found a runed translucent gate.
 30375 | D:14     | Found an ancient bone altar of Kikubaaqudgha.
 30375 | D:14     | Found a runed translucent gate.
 30375 | D:14     | Noticed Fima Pod's ghost (journeyman DsGl)
 30376 | D:14     | Noticed a lich
 30376 | D:14     | Noticed Gonkerye's ghost (journeyman DgHu)
 30376 | D:14     | Noticed Kaufec's ghost (adept SpDe)
 30376 | D:14     | Noticed a lich
 30393 | D:14     | Found Woor's Assorted Antiques.
 30400 | D:14     | Bought a scroll of identify for 58 gold pieces
 30435 | D:14     | Noticed Roxanne
 30654 | D:14     | Found Ufriavuw's General Store.
 30791 | D:14     | Noticed Nessos
 30799 | D:14     | Killed Nessos
 30810 | D:14     | Found a transporter.
 31110 | D:15     | Entered Level 15 of the Dungeon
 31345 | D:15     | Reached skill level 18 in Armour
 31427 | D:15     | Found Timanlud's Antique Weapon Emporium.
 31701 | D:15     | Found a runed translucent door.
 31701 | D:15     | Identified the +8 trident "Poxtaem" {vamp, rElec rF- rC+
                  | rN++}
 31701 | D:15     | Noticed Sareon's ghost (journeyman DgCj)
 31816 | D:15     | Found a flickering gateway to a bazaar.
 31917 | Bazaar   | Entered a bazaar
 31921 | Bazaar   | Found Huepp's General Store.
 31943 | Bazaar   | Found Neqeenost's Antique Weapon Emporium.
 31964 | Bazaar   | Found Zihelit's Antique Armour Boutique.
 31983 | Bazaar   | Found Guwaz's Antique Armour Shoppe.
 32670 | D:15     | Found a staircase to the Depths.
 33814 | D:15     | Killed a lich
 33936 | D:14     | Killed Fima Pod's ghost
 33948 | D:14     | Killed a lich
 33949 | D:14     | Reached skill level 19 in Fighting
 34035 | D:15     | Killed Kaufec's ghost
 34062 | D:14     | Killed Gonkerye's ghost
 34083 | D:14     | Identified the ring "Giysus" {rN+ Will+ Str+4 Int+3}
 34090 | D:14     | Identified the -1 cloak of a ziggurat {rN+ MP+9}
 34236 | D:15     | Killed Sareon's ghost
 34318 | D:15     | Identified the +1 pair of gloves of the Bagpipe {Harm Fly
                  | Str+4 Slay+3}
 34570 | Snake:1  | Entered Level 1 of the Snake Pit
 34898 | Snake:1  | Reached skill level 19 in Armour
 35979 | Snake:2  | Found a transporter.
 35979 | Snake:2  | Found a transporter.
 35980 | Snake:2  | Found the +0 cloak of the Thief {Quiet Slay-3 SInv Stlth+}
 36031 | Snake:2  | Reached XP level 17. HP: 100/170 MP: 20/26
 36124 | Snake:2  | Found an ancient bone altar of Kikubaaqudgha.
 36757 | Snake:2  | Reached skill level 20 in Fighting
 36799 | Snake:2  | Identified the +8 war axe of the Tent {elec, rPois}
 36859 | Snake:3  | Found Xefatugu's Antique Weapon Shoppe.
 37680 | Snake:3  | Reached skill level 20 in Armour
 38443 | Snake:3  | Noticed Vashnia
 38484 | Snake:3  | Killed Vashnia
 38719 | Snake:4  | Entered Level 4 of the Snake Pit
 38938 | Snake:4  | Noticed Mlioglotl
 39179 | Snake:3  | Killed Mlioglotl
 39869 | Snake:4  | Reached skill level 21 in Fighting
 39946 | Snake:4  | Found Fuboiq's Antique Armour Boutique.
 39946 | Snake:4  | Found Akkadihi's Weapon Shop.
 39950 | Snake:4  | Found Lexoiny's Book Boutique.
 40267 | Snake:4  | Reached skill level 11 in Shields
 40267 | Snake:4  | Reached XP level 18. HP: 182/182 MP: 27/27
 40501 | Snake:4  | Reached skill level 21 in Armour
 41718 | Snake:4  | Reached XP level 19. HP: 183/190 MP: 28/28
 41772 | Snake:4  | Found Saiheng's Specific Store.
 41774 | Snake:4  | Found Essotea's General Store.
 41782 | Snake:4  | Bought a potion of attraction for 51 gold pieces
 42138 | Snake:4  | Got a serpentine rune of Zot
 42216 | Snake:4  | Reached skill level 12 in Shields
 42643 | Lair:5   | Killed Lightli's ghost
 42991 | D:14     | Killed Roxanne
 43401 | Shoals:1 | Entered Level 1 of the Shoals
 43588 | Shoals:1 | Noticed Kirke
 43600 | Shoals:1 | Killed Kirke
 43616 | Shoals:1 | Identified the serpent talisman of Dishonour {rF- Dex+4
                  | SInv Stlth+}
 43616 | Shoals:1 | Noticed Aizul
 43632 | Shoals:1 | Killed Aizul
 44488 | Shoals:2 | Reached skill level 22 in Fighting
 44729 | Shoals:2 | Reached skill level 13 in Shields
 45336 | Shoals:3 | Found a runed translucent gate.
 45337 | Shoals:3 | Found a runed translucent gate.
 45338 | Shoals:3 | Found a runed translucent gate.
 45339 | Shoals:3 | Found an opulent altar of Gozag.
 45340 | Shoals:3 | Found Xotaiv's Assorted Antiques.
 45340 | Shoals:3 | Noticed RandomusNamus's ghost (adept DjCj)
 45340 | Shoals:3 | Noticed Ilsuiw
 45377 | Shoals:3 | Killed Ilsuiw
 45651 | Shoals:3 | Found a transporter.
 45658 | Shoals:3 | Found a transporter.
 45661 | Shoals:3 | Found a transporter.
 45771 | Shoals:3 | Found a transporter.
 45780 | Shoals:3 | Found a transporter.
 46286 | Shoals:2 | Killed RandomusNamus's ghost
 46287 | Shoals:2 | Reached skill level 22 in Armour
 46691 | Shoals:3 | Bought an ancient war axe for 391 gold pieces
 46691 | Shoals:3 | Identified the +7 war axe of Terror {flame, +Blink rElec
                  | rC+ SInv} (You bought it in a shop on level 3 of the
                  | Shoals)
 46739 | Shoals:4 | Entered Level 4 of the Shoals
 46739 | Shoals:4 | Noticed Mara
 46739 | Shoals:4 | Found a glowing golden altar of the Shining One.
 46848 | Shoals:4 | Noticed cforsyth's illusion
 47259 | Shoals:4 | Identified the +3 broad axe of the Unseen Realm {flame,
                  | Int+3}
 47522 | Shoals:4 | Paralysed by an air elemental for 1 turns
 47538 | Shoals:4 | Paralysed by an air elemental for 1 turns
 47560 | Shoals:4 | Paralysed by an air elemental for 1 turns
 47619 | Shoals:4 | Identified the +1 falchion "Fix Uchiar" {speed, Int+5}
 47635 | Shoals:4 | Reached skill level 14 in Shields
 47649 | Shoals:4 | Identified the +1 mace of Verdant Tender Mercy {holy, SInv
                  | Stlth+}
 47662 | Shoals:4 | Got a barnacled rune of Zot
 47949 | Shoals:4 | Reached XP level 20. HP: 168/202 MP: 29/29
 48002 | Shoals:4 | Paralysed by an air elemental for 1 turns
 48135 | Shoals:4 | Paralysed by an air elemental for 1 turns
 48175 | Shoals:4 | Paralysed by an air elemental for 1 turns
 48612 | Vaults:1 | Entered Level 1 of the Vaults
 48643 | Vaults:1 | Noticed Nikola
 48659 | Vaults:1 | Killed Nikola
 48667 | Vaults:1 | Noticed Norris
 48682 | Vaults:1 | Killed Norris
 48683 | Vaults:1 | Identified the +4 robe of the Old World {rF- Str+4}
 48683 | Vaults:1 | Noticed Boris
 48693 | Vaults:1 | Killed Boris
 48713 | Vaults:1 | Reached skill level 23 in Fighting
 48735 | Vaults:1 | Found a magical portal.
 48761 | WizLab   | Entered Zonguldrok's Shrine
 49016 | WizLab   | Reached skill level 15 in Shields
 49040 | WizLab   | Noticed an antique champion
 49040 | WizLab   | Noticed an antique champion
 49078 | WizLab   | Killed an antique champion
 49080 | WizLab   | HP: 14/195 [antique champion/+2 double sword of draining
                  | (34)]
 49080 | WizLab   | HP: 6/190 [antique champion/+2 double sword of draining
                  | (8)]
 49145 | WizLab   | Got Ikomoyme's Incunabulum of Bones
 49246 | WizLab   | Identified the +0 crystal plate armour of Divine Compulsion
                  | {rN+ Regen+}
 49251 | WizLab   | Identified the +0 plate armour of Action {Harm rN+ Str+7
                  | Int-4}
 49262 | WizLab   | Killed an antique champion
 49274 | WizLab   | Identified a +0 crystal plate armour
 49333 | Vaults:1 | Reached skill level 23 in Armour
 49716 | Vaults:1 | Noticed Donald
 49727 | Vaults:1 | Killed Donald
 49960 | Vaults:1 | Identified the amulet of Xobruesh {rPois RegenMP+ Dex+3}
 50464 | Vaults:2 | Found Riyriuf's Book Shop.
 50805 | Vaults:2 | Reached skill level 12 in Fire Magic
 50874 | Vaults:2 | You are sucked into a shaft and drop 2 floors!
 51044 | Vaults:4 | Reached XP level 21. HP: 213/213 MP: 30/30
 51094 | Vaults:4 | Found Zinalegg's Assorted Antiques.
 51101 | Vaults:4 | Bought a scroll of teleportation for 87 gold pieces
 51109 | Vaults:3 | Paralysed by a formless jellyfish for 1 turns
 51205 | Vaults:3 | Reached skill level 13 in Fire Magic
 51411 | Vaults:3 | Gained mutation: Armour fits poorly on your strangely
                  | shaped body. [a shining eye]
 51508 | Vaults:3 | Reached skill level 14 in Fire Magic
 51646 | Vaults:3 | Found a staircase to the Crypt.
 51741 | Vaults:3 | Paralysed by a formless jellyfish for 1 turns
 51774 | Vaults:3 | Reached skill level 15 in Fire Magic
 51833 | Vaults:3 | Paralysed by a formless jellyfish for 1 turns
 52304 | Vaults:2 | Reached skill level 16 in Fire Magic
 52577 | Vaults:2 | Found a glowing golden altar of the Shining One.
 53133 | Vaults:3 | Reached skill level 17 in Fire Magic
 53252 | Vaults:3 | Noticed Margery
 53287 | Vaults:3 | Killed Margery
 53495 | Vaults:3 | Noticed Saint Roka
 53507 | Vaults:3 | Reached skill level 18 in Fire Magic
 53672 | Vaults:3 | Killed Saint Roka
 54428 | Vaults:4 | Noticed Zenata
 54436 | Vaults:4 | Reached skill level 19 in Fire Magic
 54441 | Vaults:4 | HP: 18/199 [Zenata/a resonance strike (36)]
 54901 | Vaults:4 | Identified the +4 robe "Aplu" {Harm Int+2 Slay+2}
 54901 | Vaults:4 | Noticed Boris
 54911 | Vaults:4 | Killed Boris
 54931 | Vaults:4 | Reached XP level 22. HP: 153/220 MP: 31/31
 55126 | Vaults:4 | Paralysed by a formless jellyfish for 1 turns
 55467 | Vaults:4 | Reached skill level 20 in Fire Magic
 55941 | Elf:1    | Entered Level 1 of the Elven Halls
 56098 | D:14     | Bought an Everburning Encyclopedia for 418 gold pieces
 56107 | D:14     | Learned a level 8 spell: Ignition
 56307 | Elf:1    | Noticed Zuruzy's ghost (journeyman MiBe)
 56564 | Elf:1    | Found a runed translucent gate.
 56564 | Elf:1    | Found a runed translucent gate.
 56566 | Elf:1    | Found a runed translucent gate.
 56973 | Elf:1    | Noticed Jorgrun
 56982 | Elf:1    | Killed Jorgrun
 57251 | Elf:1    | Reached skill level 21 in Fire Magic
 57478 | Elf:1    | Got Vehumet's Teachings on the Missiles
 57660 | Elf:1    | Learned a level 4 spell: Sticky Flame
 58452 | Elf:2    | Found Gunt's Armour Emporium.
 58691 | Elf:2    | Found a runed translucent gate.
 58691 | Elf:2    | Found a runed translucent gate.
 58693 | Elf:2    | Found a runed translucent gate.
 58988 | Elf:1    | Killed Zuruzy's ghost
 58995 | Elf:1    | Identified the ring "Vagiurah" {rF+ Str+6 Int+3}
 59541 | Elf:2    | Reached skill level 22 in Fire Magic
 60174 | Elf:3    | Entered Level 3 of the Elven Halls
 60852 | Elf:3    | Reached skill level 23 in Fire Magic
 61306 | Elf:3    | Identified the +3 falchion "Tuycluus" {freeze, rC+}
 61461 | Elf:3    | Identified the staffdeath of Zegokh {rPois rN+ Will+++
                  | rCorr Dex-4 Necro}
 62691 | Elf:3    | Identified the +0 cloak of Shielding {rCorr Int+4 Dex-4
                  | Slay+2}
 62760 | Elf:3    | Got the Incunabulum of Malediction and Cleavage
 62798 | Elf:3    | Got the Volume of Foggy Relocation
 62867 | Elf:3    | Reached skill level 24 in Fire Magic
 63429 | Depths:1 | Entered Level 1 of the Depths
 63730 | Depths:1 | Reached XP level 23. HP: 228/228 MP: 11/32
 64550 | Depths:1 | Found a glowing silver altar of Zin.
 64703 | Depths:1 | Found a gateway to Hell.
 65110 | Depths:2 | Reached skill level 25 in Fire Magic
 65657 | Depths:2 | Found a one-way gate leading to the halls of Pandemonium.
 66213 | Depths:2 | Found Mueruu's Antique Weapon Shoppe.
 67328 | Depths:3 | Reached skill level 26 in Fire Magic
 68019 | Depths:3 | Found a one-way gate to the infinite horrors of the Abyss.
 69024 | Depths:3 | Identified a +1 robe of resistance
 69025 | Depths:3 | Identified the staffdeath of Terra Cotta {rC+ rN+ Int+3
                  | Necro}
 69209 | Depths:4 | Entered Level 4 of the Depths
 70236 | Depths:4 | Reached skill level 1 in Conjurations
 70481 | Depths:4 | Reached skill level 2 in Conjurations
 70841 | Depths:4 | Reached skill level 3 in Conjurations
 70918 | Depths:4 | Identified the +4 robe of Valiance {Stlth+}
 70918 | Depths:4 | Noticed Boris
 70930 | Depths:4 | Killed Boris
 71143 | Depths:4 | Reached skill level 4 in Conjurations
 71679 | Depths:4 | Found an ancient bone altar of Kikubaaqudgha.
 71818 | Depths:4 | Reached skill level 5 in Conjurations
 72121 | Depths:4 | Reached skill level 6 in Conjurations
 72419 | Depths:4 | Found a gate to the Realm of Zot.
 72440 | Depths:4 | Reached skill level 7 in Conjurations
 72668 | Depths:4 | Found a one-way gateway to a ziggurat.
 73220 | Depths:4 | Found a shimmering blue altar of Sif Muna.
 73441 | Crypt:1  | Entered Level 1 of the Crypt
 73665 | Crypt:1  | You are sucked into a shaft and drop 1 floor!
 73682 | Crypt:2  | Reached skill level 8 in Conjurations
 73682 | Crypt:2  | Reached XP level 24. HP: 237/237 MP: 32/32
 73761 | Crypt:2  | Identified the +0 plate armour of Light {rPois Int+3 Dex+3}
 73961 | Crypt:2  | Reached skill level 9 in Conjurations
 74594 | Crypt:2  | Noticed Xtahua
 74608 | Crypt:2  | Killed Xtahua
 74708 | Crypt:1  | Reached skill level 10 in Conjurations
 75170 | Crypt:1  | Noticed Bai Suzhen
 75183 | Crypt:1  | Killed Bai Suzhen
 75689 | Crypt:1  | Learned a level 9 spell: Fire Storm
 75790 | Crypt:3  | Entered Level 3 of the Crypt
 75796 | Crypt:3  | Identified the ring "Zuiript" {Ice rCorr Str-5 Int+3 Dex+6}
 75796 | Crypt:3  | Noticed Josephina
 75943 | Crypt:3  | Reached skill level 11 in Conjurations
 75944 | Crypt:3  | Killed Josephina
 76133 | Crypt:3  | Found an ancient bone altar of Kikubaaqudgha.
 76325 | Crypt:3  | Identified the +2 robe of the Three Portals {rElec Will-
                  | rCorr SInv}
 76325 | Crypt:3  | Noticed Boris
 76442 | Crypt:3  | Reached skill level 12 in Conjurations
 76444 | Crypt:3  | Killed Boris
 76996 | Crypt:3  | Identified the +9 quarterstaff of Wariness {protect, rElec
                  | rCorr}
 77036 | Crypt:3  | Reached skill level 13 in Conjurations
 77084 | Crypt:3  | Noticed an ancient lich
 77101 | Crypt:3  | Killed an ancient lich
 77247 | Crypt:3  | Found a staircase to the Tomb.
 77449 | Crypt:3  | Got Hene's Octavo of Abominable Spells
 77513 | Crypt:3  | Got The Second Course in Casting
 77680 | Crypt:3  | Identified the ring "Egoang" {rN++ Will+ EV+5 Str-4 Dex+3}
 77680 | Crypt:3  | Identified the ring "Mioriure" {rN++ EV+5 Dex+3}
 77680 | Crypt:3  | Identified the ring "Mawo" {rPois rN++ Str+8 Int-5 SInv}
 78470 | Slime:1  | Entered Level 1 of the Pits of Slime
 78472 | Slime:1  | Gained mutation: You are clumsy. (Dex -2) [a shining eye]
 78624 | Slime:1  | Reached skill level 14 in Conjurations
 80265 | Slime:3  | Reached skill level 15 in Conjurations
 81089 | Slime:3  | Reached XP level 25. HP: 245/245 MP: 32/32
 82103 | Slime:4  | Gained mutation: You occasionally lose the ability to drink
                  | potions when taking damage. [a shining eye]
 82328 | Slime:5  | Entered Level 5 of the Pits of Slime
 82845 | Slime:5  | Reached skill level 16 in Conjurations
 83037 | Slime:5  | Noticed the Royal Jelly
 83082 | Slime:5  | Gained mutation: Your magical capacity is low. (-10% MP) [a
                  | shining eye]
 83521 | Slime:5  | Found a viscous altar of Jiyva.
 83522 | Slime:5  | Found the +8 Wrath of Trog {antimagic, *Rage Rampage}
 83666 | Slime:5  | Gained mutation: You are vulnerable to heat. (rF-) [a
                  | shining eye]
 84743 | Slime:5  | Killed the Royal Jelly
 84744 | Slime:5  | Reached skill level 17 in Conjurations
 85004 | Slime:5  | Identified the amulet "Qetenel" {-Tele Regen+ rCorr Int+2
                  | Dex+4}
 85005 | Slime:5  | Identified the +1 robe of Zealous Life {rN+ Dex+3}
 85034 | Slime:5  | Identified the +6 plate armour of the Beginning {rPois rC+
                  | Str+2 Dex-2}
 85054 | Slime:5  | Identified a +0 crystal plate armour
 85080 | Slime:5  | Identified the orb "Lecym" {guile, Fly rPois}
 85081 | Slime:5  | Identified the +6 chain mail of the Mind {*Slow Will+ Int+3
                  | Slay+3}
 85082 | Slime:5  | Identified the +1 robe of Ackeh Juz {rElec rN+}
 85115 | Slime:5  | Identified the stafffire of the Radish {rF+ rC++ Will-
                  | Dex+6 Fire}
 85119 | Slime:5  | Got a slimy rune of Zot
 85133 | Slime:5  | Identified a +1 robe of resistance
 86321 | Vaults:5 | Entered Level 5 of the Vaults
 86466 | Vaults:5 | Reached skill level 18 in Conjurations
 87457 | Vaults:5 | Reached skill level 19 in Conjurations
 87706 | Vaults:5 | Noticed a dread lich
 87770 | Vaults:5 | Killed a dread lich
 88879 | Vaults:5 | Reached skill level 20 in Conjurations
 88879 | Vaults:5 | Reached XP level 26. HP: 242/253 MP: 8/29
 89328 | Vaults:5 | Noticed an ancient lich
 89346 | Vaults:5 | Killed an ancient lich
 89527 | Vaults:5 | Got a silver rune of Zot
 89639 | Vaults:5 | Found the +6 arbalest "Damnation" {damnation}
 89641 | Vaults:5 | Identified the +9 double sword of Prudence {flame, Str+5
                  | Stlth+}
 89665 | Vaults:5 | Noticed Mennas
 90048 | Vaults:5 | Noticed a dread lich
 90206 | Vaults:5 | Killed a dread lich
 90782 | Vaults:5 | Identified the ring of Meomerph {EV+5 Int+3}
 91025 | Vaults:5 | Noticed a dread lich
 91037 | Vaults:5 | Killed Mennas
 91038 | Vaults:5 | Reached skill level 21 in Conjurations
 91042 | Vaults:5 | Killed a dread lich
 91182 | Vaults:5 | Acquired a manual of Ice Magic
 91366 | Vaults:5 | Found Qintunai's Antique Armour Shop.
 91995 | Zot:1    | Entered Level 1 of the Realm of Zot
 93752 | Zot:1    | Reached skill level 22 in Conjurations
 94635 | Depths:4 | Lost mutation: You are vulnerable to heat. (rF-) [potion of
                  | mutation]
 94635 | Depths:4 | Lost mutation: Armour fits poorly on your strangely shaped
                  | body. [potion of mutation]
 94636 | Depths:4 | Lost mutation: You are clumsy. (Dex -2) [potion of
                  | mutation]
 94636 | Depths:4 | Lost mutation: Your magical capacity is low. (-10% MP)
                  | [potion of mutation]
 94636 | Depths:4 | Gained mutation: You have a somewhat thin skeletal
                  | structure. (Dex +2, Stealth+) [potion of mutation]
 95624 | Zot:1    | Upgraded the game from 0.32-a0-732-ga344392067 to
                  | 0.32-a0-747-gc8563f6773
 97050 | Zot:1    | Noticed an electric golem
 97062 | Zot:1    | Killed an electric golem
 97077 | Zot:1    | Reached skill level 7 in Spellcasting
 98305 | Zot:2    | Reached skill level 8 in Spellcasting
 98452 | Zot:2    | Noticed a curse toe
 98724 | Zot:2    | Reached skill level 9 in Spellcasting
 98740 | Zot:2    | HP: 21/253 [bunyip[a protean progenitor] (16)]
 98748 | Zot:2    | HP: 24/253 [protean progenitor (50)]
 99274 | Zot:2    | Killed a curse toe
 99389 | Zot:2    | Reached XP level 27. HP: 260/260 MP: 36/36
 99598 | Zot:1    | Reached skill level 10 in Spellcasting
 99844 | Zot:2    | HP: 25/260 [dire elephant[a protean progenitor] (4)]
 99850 | Zot:2    | Mangled by a bunyip

Vanquished Creatures
  the Royal Jelly (Slime:5)
  3 dread liches (Vaults:5)
  2 ancient liches
  Mennas (Vaults:5)
  Xtahua (Crypt:2)
  Josephina (Crypt:3)
  2 antique champions (WizLab)
  Boris (4 times) (Vaults:1 Vaults:4 Depths:4 Crypt:3)
  Bai Suzhen (Crypt:1)
  Margery (Vaults:3)
  Saint Roka (Vaults:3)
  A curse toe (Zot:2)
  Vashnia (Snake:3)
  3 golden dragons
  Norris (Vaults:1)
  A profane servitor (Crypt:3)
  Nikola (Vaults:1)
  3 bone dragons
  The ghost of RandomusNamus the Warrior, an adept DjCj of Makhleb (Shoals:2)
  An electric golem (Zot:1)
  A hellephant (Vaults:3)
  11 tentacled monstrosities
  Jorgrun (Elf:1)
  Mlioglotl (Snake:3)
  9 liches
  2 deep elf master archers (Elf:3)
  3 deep elf blademasters
  4 quicksilver dragons
  3 ancient champions
  2 titans (Vaults:5)
  4 death cobs
  4 sphinxes
  35 acid blobs
  7 tengu reavers
  Kirke (Shoals:1)
  7 storm dragons
  Agnes (D:13)
  2 shadow dragons
  Aizul (Shoals:1)
  10 nagarajas
  Ilsuiw (Shoals:3)
  A revenant (Crypt:3)
  Donald (Vaults:1)
  15 rockslimes
  8 fire giants
  8 protean progenitors
  16 azure jellies
  11 frost giants
  3 iron dragons
  4 draconian knights
  A draconian scorcher (Zot:1)
  Roxanne (D:14)
  The ghost of Sareon the Destroyer, a journeyman DgCj (D:15)
  3 draconian monks
  18 vault wardens
  5 deep elf sorcerers
  3 draconian shifters (Zot:1)
  23 ironbound preservers
  4 draconian stormcallers
  6 ghouls
  A ghost moth (Zot:1)
  3 draconian annihilators (Zot:1)
  A caustic shrike skeleton (Crypt:2)
  4 deep elf elementalists (Elf:3)
  An orc warlord (Vaults:3)
  11 stone giants
  The ghost of Kaufec the Unseen, an adept SpDe of Lugonu (D:15)
  10 formless jellyfish
  10 ironbound thunderhulks
  The ghost of Zuruzy the Warrior, a journeyman MiBe of Trog (Elf:1)
  11 very ugly things
  A spriggan defender (Depths:4)
  5 vampire knights
  Nessos (D:14)
  9 quicksilver oozes
  8 deep elf demonologists
  3 black draconians
  13 deep elf death magi
  5 war gargoyles
  2 spectral hellephants (Crypt:1)
  7 spark wasps
  8 green draconians
  5 dire elephants
  3 bunyips (Zot:2)
  3 purple draconians
  5 white draconians
  6 deep elf annihilators
  4 red draconians
  16 yellow draconians
  3 eidola
  15 merfolk impalers
  12 ettins
  16 jiangshi
  10 merfolk javelineers
  6 fire dragons
  13 great orbs of eyes
  The ghost of Fima Pod the Grand Scion, a journeyman DsGl of Hepliaklqana (D:14)
  5 crystal guardians
  The ghost of Lightli the Geomancer, a journeyman SpIE of Vehumet (Lair:5)
  The ghost of Gonkerye the Skirmisher, a journeyman DgHu (D:14)
  A spriggan zombie (Crypt:3)
  11 yaktaur captains
  3 deep elf high priests (Vaults:5)
  Harold (D:10)
  36 vault guards
  A caustic shrike simulacrum (Crypt:3)
  A spectral shadow dragon (Crypt:1)
  2 spectral krakens (Shoals:2)
  9 ice dragons
  A quicksilver dragon skeleton (Crypt:2)
  2 rakshasas
  8 hydras
  7 peacekeepers
  A hell beast (Depths:1)
  4 spriggan air magi
  2 ogre magi
  6 ironbound frosthearts
  6 death knights
  25 centaur warriors
  2 ghost crabs (Shoals:2)
  11 anacondas
  7 boulder beetles
  2 satyrs
  31 dancing weapons
  3 radroaches (Zot:2)
  6 merfolk aquamancers
  A catoblepas (D:13)
  5 death yaks
  An alligator snapping turtle (Shoals:4)
  An occultist (Depths:2)
  6 two-headed ogres
  12 vampire magi
  5 tengu warriors
  8 shock serpents
  7 deep troll earth magi
  5 deep troll shamans
  6 orc high priests
  A bennu skeleton (Crypt:2)
  9 naga sharpshooters
  9 hell knights
  13 naga warriors
  17 deep elf knights
  4 spriggan berserkers
  2 spectral elves (Crypt:1)
  Amaemon (D:7)
  2 soul eaters (Crypt:1)
  32 skeletal warriors
  8 sun demons
  8 shadow wraiths
  7 skysharks
  2 salamander mystics
  10 flayed ghosts
  18 sea snakes
  A spectral death yak (Lair:5)
  48 deep trolls
  A storm dragon skeleton (WizLab)
  12 mana vipers
  A spark wasp zombie (Crypt:1)
  9 iron trolls
  A shadow demon (Depths:3)
  A spectral anaconda (Lair:5)
  9 arcanists
  7 glowing orange brains
  6 bog bodies
  7 deep elf archers
  6 lindwurms
  A fenstrider witch simulacrum (Crypt:3)
  An orange crystal statue (Snake:2)
  A golden dragon skeleton (WizLab)
  2 obsidian statues
  A tengu zombie (Vaults:3)
  Pikel (D:5)
  16 ironbound convokers
  2 thermic dynamos (Elf:1)
  A spriggan simulacrum (Crypt:3)
  8 harpies
  17 deep elf zephyrmancers
  8 necromancers
  10 orc knights
  2 large abominations (Crypt:3)
  33 deep elf pyromancers
  3 fauns (Shoals:2)
  13 phantasmal warriors
  6 orc sorcerers
  9 naga ritualists
  5 cyclopes
  33 ugly things
  13 moths of wrath
  10 shining eyes
  4 oklob plants
  9 manticores
  11 salamanders
  A shining eye (shapeshifter) (Vaults:3)
  4 kobold blastminers (Orc:2)
  A human skeleton (Vaults:5)
  14 elephants
  A moth of wrath (shapeshifter) (D:15)
  10 water nymphs
  136 slime creatures
  46 black mambas
  10 eyes of devastation
  8 merfolk sirens
  19 naga magi
  A titan simulacrum (Vaults:5)
  A water nymph (shapeshifter) (Vaults:5)
  An ice statue (IceCv)
  5 guardian serpents
  15 cane toads
  21 vault sentinels
  A stone giant skeleton (WizLab)
  2 torpor snails
  An unseen horror (D:12)
  A cane toad (shapeshifter) (D:14)
  A dire elephant skeleton (Lair:5)
  A gargoyle (D:11)
  An orange demon (D:8)
  5 rime drakes
  8 freezing wraiths
  A human zombie (Vaults:5)
  A tormentor (Depths:3)
  3 spectral merfolk (Shoals:2)
  Psyche (D:9)
  7 komodo dragons
  30 yaktaurs
  4 kobold demonologists
  5 tengu conjurers
  A white draconian skeleton (Crypt:1)
  A yellow draconian skeleton (Crypt:1)
  A spectral harpy (Crypt:3)
  A harpy zombie (Crypt:3)
  6 trolls
  A troll (shapeshifter) (D:15)
  An iron troll skeleton (Crypt:1)
  37 merfolk
  3 hornets
  Grinder (D:6)
  12 wind drakes
  A snapping turtle (shapeshifter) (Vaults:5)
  12 polar bears
  A spectral elephant (Lair:5)
  22 blink frogs
  12 snapping turtles
  A spectral manticore (Shoals:2)
  An ettin zombie (WizLab)
  A fire dragon zombie (Crypt:1)
  7 dream sheep
  4 glass eyes
  Sigmund (D:2)
  2 human simulacra
  12 air elementals
  12 wraiths
  4 shadows (Crypt:3)
  6 wyverns
  54 yaks
  7 spriggans
  42 water elementals
  3 hogs (Shoals:1)
  An elf zombie (Vaults:3)
  6 vampires
  Grum (D:10)
  An alligator snapping turtle simulacrum (Crypt:3)
  A fire elemental (Elf:2)
  A hog (shapeshifter) (Elf:3)
  10 basilisks
  A black mamba skeleton (Crypt:1)
  5 vampire mosquitoes
  3 wargs
  13 golden eyes
  A steam dragon (D:10)
  3 death yak simulacra (Lair:5)
  A redback (shapeshifter) (Vaults:5)
  A skyshark zombie (Crypt:2)
  32 nagas
  2 small abominations (Crypt:3)
  A harpy simulacrum (Crypt:3)
  3 spectral cane toads (Lair:5)
  23 water moccasins
  A swamp worm (shapeshifter) (Vaults:5)
  Duvessa (D:4)
  A two-headed ogre skeleton (WizLab)
  A hell hound (Depths:1)
  6 ice beasts
  A sky beast (D:8)
  A black bear (D:15)
  A swamp dragon zombie (WizLab)
  30 laughing skulls
  33 orc warriors
  An elephant zombie (Lair:5)
  41 wolves
  A boggart (D:15)
  A swamp dragon skeleton (WizLab)
  10 ogres
  6 centaurs
  A hog skeleton (Crypt:2)
  A manticore skeleton (Crypt:1)
  An elephant skeleton (Crypt:2)
  A rime drake zombie (Crypt:2)
  A lemure (D:5)
  Blork the orc (D:4)
  5 kobold brigands
  A weeping skull (Crypt:3)
  19 bullfrogs
  3 earth elementals
  2 gnoll sergeants (D:7)
  A cyclops zombie (WizLab)
  2 scorpions
  A cane toad simulacrum (Lair:5)
  4 burial acolytes (Crypt:3)
  10 wights
  A water moccasin skeleton (Crypt:1)
  Dowan (D:4)
  A swamp dragon simulacrum (WizLab)
  23 killer bees
  An elephant simulacrum (Lair:5)
  2 howler monkeys
  12 electric eels
  A wolf skeleton (Crypt:1)
  3 hounds
  30 jellies
  22 orc priests
  A cyclops simulacrum (WizLab)
  A gnoll bouda (D:4)
  Crazy Yiuf (D:2)
  2 iguanas
  27 orc wizards
  16 gnolls
  5 adders
  2 white imps
  A ribbon worm zombie (Crypt:2)
  2 ufetubi (D:6)
  3 dart slugs
  70 orcs
  7 ball pythons
  4 bats
  12 endoplasms
  5 giant cockroaches
  15 goblins
  11 hobgoblins
  7 jackals
  3 quokkas
  7 frilled lizards
  A frilled lizard skeleton (Crypt:1)
  20 kobolds
  7 rats
  2 aspiring fleshes (Zot:2)
  A spectral weapon (Crypt:1)
  2 tentacles (Shoals:2)
2501 creatures vanquished.

Vanquished Creatures (others)
  A fire dragon (Depths:2)
  A deep elf knight (Elf:3)
  A skyshark (Vaults:1)
  A skeletal warrior (Crypt:3)
  A deep elf archer (Elf:1)
  A deep elf zephyrmancer (Elf:1)
  A hornet (Lair:5)
  A spriggan (Lair:5)
  A water elemental (Shoals:4)
  6 tentacles (Shoals:2)
15 creatures vanquished.

Grand Total: 2516 creatures vanquished

Table legend: (Time is in decaauts)
 A = Elapsed time spent in this place.
 B = Non-inter-level travel time spent in this place.
 C = Inter-level travel time spent in this place.
 D = Time resting spent in this place.
 E = Time spent auto-exploring this place.
 F = Levels seen in this place.
 G = Mean time per level.
                   A        B        C        D        E       F      G
               +--------+--------+--------+--------+--------+-----+--------+
         Total |  99287 |  92747 |   6540 |  25646 |  49603 |  56 | 1773.0 |
       Dungeon |  24512 |  21088 |   3424 |   4028 |  12961 |  15 | 1634.1 |
          Lair |   8600 |   7583 |   1017 |   1537 |   4322 |   5 | 1720.0 |
        Shoals |   4883 |   4753 |    130 |    570 |   2931 |   4 | 1220.8 |
     Snake Pit |   7300 |   7063 |    237 |   2566 |   3024 |   4 | 1825.0 |
    Slime Pits |   7382 |   7179 |    203 |   1990 |   3916 |   5 | 1476.4 |
  Orcish Mines |   1790 |   1589 |    201 |    223 |    936 |   2 |  895.0 |
   Elven Halls |   6877 |   6720 |    157 |   2060 |   3524 |   3 | 2292.3 |
        Vaults |  12193 |  11582 |    611 |   4524 |   4840 |   5 | 2438.6 |
         Crypt |   4704 |   4479 |    225 |    534 |   3187 |   3 | 1568.0 |
        Depths |  12488 |  12273 |    215 |   4888 |   6206 |   4 | 3122.0 |
           Zot |   4600 |   4484 |    116 |   1512 |   2160 |   2 | 2300.0 |
        Bazaar |    176 |    176 |      0 |      4 |     82 |   1 |  176.0 |
        Bailey |   1114 |   1114 |      0 |    328 |    466 |   1 | 1114.0 |
      Ice Cave |   2138 |   2138 |      0 |    742 |   1005 |   1 | 2138.0 |
        Wizlab |    524 |    524 |      0 |    136 |     41 |   1 |  524.0 |
               +--------+--------+--------+--------+--------+-----+--------+

Top non-repeatable levels by time:
Depths:4: 6605 daAuts
Vaults:4: 5527 daAuts
   Zot:1: 3913 daAuts
 Slime:5: 3342 daAuts
    D:15: 3057 daAuts
Depths:3: 2991 daAuts
 Snake:3: 2854 daAuts
    D:12: 2701 daAuts
   Elf:2: 2653 daAuts
  Lair:5: 2646 daAuts
    D:10: 2371 daAuts
 Crypt:3: 2164 daAuts
   Elf:1: 2141 daAuts
   IceCv: 2138 daAuts
   Elf:3: 2083 daAuts

Table legend:
 A = Non-vault XP
 B = Vault XP
 C = Vault XP percentage of total XP
 D = Non-vault monster count
 E = Vault monster count
 F = Vault count percentage of total count
                 A         B        C        D         E       F
            +---------+---------+-------+---------+---------+-------
      Total |  714685 |  700957 |  49.5 |    1476 |    1000 |  40.4
            +---------+---------+-------+---------+---------+-------
        D:1 |      51 |       1 |   1.9 |      28 |       1 |   3.4
        D:2 |      45 |     268 |  85.6 |      15 |       2 |  11.8
        D:3 |     123 |       0 |   0.0 |      17 |       0 |   0.0
        D:4 |     179 |     315 |  63.8 |      14 |       3 |  17.6
        D:5 |     568 |     641 |  53.0 |      17 |       1 |   5.6
        D:6 |     393 |     290 |  42.5 |      10 |       1 |   9.1
        D:7 |    1951 |     783 |  28.6 |      36 |       5 |  12.2
        D:8 |    2014 |    1050 |  34.3 |      26 |       9 |  25.7
        D:9 |    2961 |     353 |  10.7 |      36 |       1 |   2.7
       D:10 |    1344 |    2090 |  60.9 |      23 |      26 |  53.1
       D:11 |    4116 |       0 |   0.0 |      11 |       0 |   0.0
       D:12 |    6998 |   10880 |  60.9 |      30 |      19 |  38.8
       D:13 |    5537 |    6406 |  53.6 |      16 |       7 |  30.4
       D:14 |    7629 |    6183 |  44.8 |      14 |       6 |  30.0
       D:15 |   17709 |   10037 |  36.2 |      32 |      16 |  33.3
     Lair:1 |    7117 |       0 |   0.0 |      31 |       0 |   0.0
     Lair:2 |    7440 |    2807 |  27.4 |      26 |       9 |  25.7
     Lair:3 |    9058 |    5258 |  36.7 |      36 |      20 |  35.7
     Lair:4 |   10347 |      90 |   0.9 |      33 |       3 |   8.3
     Lair:5 |    8439 |   18096 |  68.2 |      29 |      41 |  58.6
   Shoals:1 |   11799 |    3382 |  22.3 |      22 |       5 |  18.5
   Shoals:2 |   14472 |    7568 |  34.3 |      30 |      11 |  26.8
   Shoals:3 |    8046 |    7411 |  47.9 |      19 |      11 |  36.7
   Shoals:4 |   16400 |   23845 |  59.2 |      36 |      50 |  58.1
    Snake:1 |   14212 |       0 |   0.0 |      29 |       0 |   0.0
    Snake:2 |   13365 |    7115 |  34.7 |      28 |       9 |  24.3
    Snake:3 |   18961 |   13450 |  41.5 |      34 |      16 |  32.0
    Snake:4 |   18909 |   24782 |  56.7 |      38 |      34 |  47.2
    Slime:1 |   16608 |       0 |   0.0 |      30 |       0 |   0.0
    Slime:2 |   11498 |       0 |   0.0 |      21 |       0 |   0.0
    Slime:3 |   16165 |       0 |   0.0 |      30 |       0 |   0.0
    Slime:4 |   19710 |       0 |   0.0 |      38 |       0 |   0.0
    Slime:5 |   10711 |   28210 |  72.5 |      24 |      23 |  48.9
      Orc:1 |    2219 |       0 |   0.0 |      19 |       0 |   0.0
      Orc:2 |    3778 |    8342 |  68.8 |      33 |      23 |  41.1
      Elf:1 |   14696 |   13998 |  48.8 |      25 |      20 |  44.4
      Elf:2 |    9827 |   25406 |  72.1 |      13 |      32 |  71.1
      Elf:3 |   17390 |   29394 |  62.8 |      28 |      26 |  48.1
   Vaults:1 |   16226 |   32384 |  66.6 |      26 |      33 |  55.9
   Vaults:2 |   33183 |   21302 |  39.1 |      48 |      29 |  37.7
   Vaults:3 |   28087 |   31283 |  52.7 |      42 |      45 |  51.7
   Vaults:4 |   22370 |   44992 |  66.8 |      26 |      49 |  65.3
   Vaults:5 |   31764 |  118965 |  78.9 |      49 |      95 |  66.0
    Crypt:1 |   10561 |   12140 |  53.5 |      30 |      11 |  26.8
    Crypt:2 |   22575 |    3865 |  14.6 |      41 |       1 |   2.4
    Crypt:3 |    3022 |   66895 |  95.7 |       1 |      97 |  99.0
   Depths:1 |   18104 |    8915 |  33.0 |      21 |      14 |  40.0
   Depths:2 |   18398 |    4322 |  19.0 |      23 |       6 |  20.7
   Depths:3 |   28970 |    5388 |  15.7 |      36 |       8 |  18.2
   Depths:4 |   40718 |   25171 |  38.2 |      54 |      25 |  31.6
      Zot:1 |   49550 |   40811 |  45.2 |      41 |      59 |  59.0
      Zot:2 |   39285 |    4137 |   9.5 |      36 |       4 |  10.0
     Bailey |       0 |    2566 | 100.0 |       0 |      40 | 100.0
      IceCv |       0 |   12777 | 100.0 |       0 |      49 | 100.0
     WizLab |   19087 |    6593 |  25.7 |      25 |       5 |  16.7
            +---------+---------+-------+---------+---------+-------
